 Dungeon Crawl Stone Soup version 0.27.1-16-g815e20cd7a (webtiles) character file.

Game seed: 8453827077175382574

547 H0rd4k the Charlatan (level 7, -2/52 HPs)
             Began as a Human Artificer on Nov 22, 2021.
             Slain by an orc (5 damage)
             ... on level 5 of the Dungeon.
             The game lasted 00:08:40 (7383 turns).

H0rd4k the Charlatan (Human Artificer)              Turns: 7383, Time: 00:08:41

Health: -2/52      AC:  4    Str: 13    XL:     7   Next: 53%
Magic:  7/7        EV: 13    Int: 13    God:
Gold:   120        SH:  0    Dex: 13    Spells: 6/6 levels left

rFire    . . .     SeeInvis .   n - +0 dagger (venom)
rCold    . . .     Faith    .   (no shield)
rNeg     . . .     Spirit   .   b - +0 leather armour
rPois    .         Reflect  .   (no helmet)
rElec    .         Harm     .   (no cloak)
rCorr    .         Rampage  .   (no gloves)
Will     .....                  o - +0 pair of boots
Stlth    +.........             (no amulet)
HPRegen  0.17/turn              (no ring)
MPRegen  0.10/turn              (no ring)

@: confused
A: no striking features
a: no special abilities


You were on level 5 of the Dungeon.
You visited 1 branch of the dungeon, and saw 5 of its levels.

You collected 120 gold pieces.

Inventory:

Hand Weapons
 f - a +0 dagger
 n - a +0 dagger of venom (weapon)
Missiles
 p - 2 poisoned darts
Armour
 b - a +0 leather armour (worn)
 o - a +0 pair of boots (worn)
Wands
 c - a wand of acid (6) (quivered)
 d - a wand of charming (6)
 i - a wand of polymorph (4)
Scrolls
 a - a scroll of teleportation {unknown}
 g - a scroll of immolation {unknown}
 h - a scroll of enchant armour {unknown}
 k - a scroll of identify {unknown}
Potions
 j - a potion of might
 l - a potion of resistance
 m - a potion of flight {unknown}
Miscellaneous
 e - a piece from Xom's chessboard (15/15)


   Skills:
 + Level 3.5 Fighting
 + Level 3.6 Short Blades
 - Level 2.0 Armour
 + Level 4.0 Dodging
 - Level 1.0 Stealth
 + Level 4.5 Evocations


You had 6 spell levels left.
You didn't know any spells.
Your spell library contained the following spells:

 Spells                   Type           Power      Damage    Failure   Level
 Blink                    Tloc           N/A        N/A       52%         2
 Lesser Beckoning         Tloc           0%         N/A       75%         3
 Manifold Assault         Tloc           0%         N/A       100%        5


Dungeon Overview and Level Annotations

Branches:
Dungeon (5/15)
 Temple: D:4-7

Altars:
Makhleb
Zin

Shops:
D:2 *

Annotations:
D:4 exclusion: 3 downstairs
D:5 Edmund


Message History

The orc shouts!
The orc hits you with a +0 whip.
An orc wizard comes into view. It is wielding a +0 dagger.
The orc wizard shouts!
You hit the orc but do no damage.
The orc is poisoned.
The orc hits you with a +0 whip.
You hit the orc but do no damage.
The orc looks even sicker.
The orc is moderately wounded.
The orc barely misses you.
You barely miss the orc.
The orc is moderately wounded.
The orc hits you with a +0 whip.
You hit the orc.
The orc is lightly wounded.
You completely miss the orc.
The orc is almost dead.
The orc hits you but does no damage.
The orc wizard mumbles some strange words.
The orc wizard flickers and vanishes!
Deactivating autopickup; reactivate with Ctrl-A.
You hit the orc.
You kill the orc!
The orc hits you with a +0 mace. The orc hits you with a +0 mace.
* * * LOW HITPOINT WARNING * * *
Things that are here:
a +0 whip; a +0 leather armour; an orc corpse You barely miss the orc.
The orc is lightly wounded.
The orc hits you with a +0 mace.
* * * LOW HITPOINT WARNING * * *
You hear some strange, mumbled words.
You are confused.
Something hits you.
* * * LOW HITPOINT WARNING * * *
You're too confused to move!
The orc hits you with a +0 mace!
* * * LOW HITPOINT WARNING * * *
Something hits you but does no damage. The orc hits you with a +0 mace.
You die...

........##..........
..................
#.##.o...........
###.....#.........
#...#...#.........
##..###..#.........
#...####..........#
#..o#...........###
##.@......r.........
#..##......##.......
##.........####......
#..........####......
##.#..##.............
###....[.<..........
#..#...............
##.................
#####.............


You could see an orc and a quokka (wandering).

Vanquished Creatures
  A phantom (D:5)
  A bullfrog zombie (D:5)
  A hound (D:4)
  An orc priest (D:3)
  Jessica (D:2)
  A scorpion zombie (D:5)
  Terence (D:2)
  Natasha (thrice) (D:3)
  2 hound skeletons (D:4)
  A howler monkey zombie (D:4)
  2 gnolls
  3 adders
  An ufetubus (D:4)
  An adder skeleton (D:4)
  2 worms
  A dart slug (D:2)
  10 orcs
  9 ball pythons
  5 endoplasms
  2 giant cockroaches
  15 goblins
  10 hobgoblins
  3 jackals
  2 quokkas
  4 bats
  4 frilled lizards
  10 rats
  A spectral kobold (D:2)
98 creatures vanquished.

Vanquished Creatures (collateral kills)
  Robin (D:3)
  2 gnolls (D:4)
  A dart slug (D:4)
  2 goblins (D:3)
  A jackal (D:4)
7 creatures vanquished.

Vanquished Creatures (others)
  An orc wizard (D:3)
  A gnoll (D:4)
  A jackal (D:4)
  A ball python (D:4)
4 creatures vanquished.

Grand Total: 109 creatures vanquished

Notes
Turn   | Place    | Note
-------+----------+-------------------------------------------
     0 | D:1      | H0rd4k the Human Artificer began the quest for the Orb.
     0 | D:1      | Reached XP level 1. HP: 15/15 MP: 1/1
   164 | D:1      | Reached XP level 2. HP: 4/21 MP: 2/2
   778 | D:1      | Reached XP level 3. HP: 11/26 MP: 3/3
  1601 | D:2      | Found a faded altar of an unknown god.
  1604 | D:2      | Reached XP level 4. HP: 32/32 MP: 4/4
  2127 | D:2      | Found a glowing silver altar of Zin.
  2184 | D:2      | Noticed Jessica
  2191 | D:2      | Killed Jessica
  2390 | D:2      | Found Fualam's General Store.
  2402 | D:2      | Reached XP level 5. HP: 28/38 MP: 5/5
  2591 | D:2      | Reached skill level 1 in Short Blades
  2754 | D:2      | Noticed Terence
  3147 | D:3      | Noticed Robin
  3186 | D:3      | Noticed Natasha
  3206 | D:3      | Killed Robin
  3246 | D:3      | Killed Natasha
  3547 | D:3      | Noticed a phantom
  3986 | D:4      | Reached XP level 6. HP: 38/44 MP: 6/6
  5211 | D:3      | Noticed Natasha
  5219 | D:3      | Killed Natasha
  5329 | D:3      | Noticed Natasha
  5338 | D:3      | Killed Natasha
  5587 | D:2      | Killed Terence
  6056 | D:3      | Reached XP level 7. HP: 31/52 MP: 7/7
  6063 | D:3      | HP: 2/52 [orc priest (5)]
  6664 | D:4      | Found a burning altar of Makhleb.
  6664 | D:4      | Noticed a green death
  6734 | D:5      | Entered Level 5 of the Dungeon
  7210 | D:5      | Noticed Edmund
  7383 | D:5      | Slain by an orc

Illustrated notes

Levels and vault maps discovered:
D:1:      erik_arrival_blinker_ship, layout_loops_ring
D:2:      layout_loops_corners, dreamdust_ecumenical_altar_drowned_temple,
          basic_altar, serial_shops, shop, wad_orctagon, uniq_terence,
          uniq_jessica
D:3:      layout_loops_corners, uniq_natasha, uniq_robin
D:4:      layout_rooms, makhleb_altar_promises_db
D:5:      layout_cave_pools, grunt_tough_drop, uniq_edmund

Skill      XL: |  1  2  3  4  5  6  7 |
---------------+----------------------+-----
Evocations     | 4 |  4.5
Dodging        | 2 3 4 |  4.0
Short Blades   | 2 3 |  3.6
Fighting       | 2 3 |  3.5
Armour         | |  2.0
Stealth        | |  1.0

Action                   |  1- 3 |  4- 6 |  7- 9 || total
-------------------------+-------+-------+-------++-------
Melee: Club              |    39 |       |       ||    39
       Dagger            |    60 |   402 |   117 ||   579
       Unarmed           |       |     1 |       ||     1
Evoke: Wand              |     5 |    18 |     3 ||    26
  Use: Potion            |       |     2 |       ||     2
 Stab: Sleeping          |     1 |     2 |       ||     3
       Distracted        |     1 |       |       ||     1
Armor: Leather armour    |    36 |    70 |    18 ||   124
Dodge: Dodged            |    78 |   240 |    42 ||   360
